 Dungeon Crawl Stone Soup version 0.26.1-11-gd32895ea62 (webtiles) character file.

Game seed: 10814218992172002353

354 phalm the Shield-Bearer (level 6, 0/53 HPs)
             Began as a Gnoll Fighter on May 16, 2021.
             Slain by an unseen horror (1 damage)
             ... on level 6 of the Dungeon.
             The game lasted 00:05:09 (2237 turns).

phalm the Shield-Bearer (Gnoll Fighter)             Turns: 2237, Time: 00:05:09

Health: 0/53       AC:  9    Str: 20    XL:     6   Next: 62%
Magic:  9/9        EV:  9    Int: 11    God:
Gold:   104        SH: 11    Dex: 14    Spells: 9/9 levels left

rFire    . . .     SeeInvis .   a - +0 war axe
rCold    . . .     Faith    .   c - +0 kite shield
rNeg     . . .     Spirit   .   b - +0 scale mail
rPois    .         Reflect  .   (no helmet)
rElec    .         Harm     .   (no cloak)
rCorr    +         Rampage  .   (no gloves)
Will     .....                  e - +0 pair of boots
Stlth    +.........             (no amulet)
HPRegen  0.17/turn              L - ring of flight
MPRegen  0.11/turn              R - ring of resist corrosion

@: mighty
A: distributed training, fangs 1, strong nose
a: Evoke Flight


You were on level 6 of the Dungeon.
You visited 1 branch of the dungeon, and saw 4 of its levels.

You collected 104 gold pieces.


Innate Abilities, Weirdness & Mutations

Your experience applies equally to all skills.
You have very sharp teeth.
Your uncanny sense of smell can sniff out nearby items.


   Skills:
 + Level 6.8 Fighting
 + Level 2.0 Short Blades
 + Level 2.0 Long Blades
 + Level 5.0 Axes
 + Level 2.0 Maces & Flails
 + Level 2.0 Polearms
 + Level 2.0 Staves
 + Level 2.0 Slings
 + Level 2.0 Bows
 + Level 2.0 Crossbows
 + Level 2.0 Throwing
 + Level 6.8 Armour
 + Level 2.0 Dodging
 + Level 2.0 Stealth
 + Level 6.8 Shields
 + Level 2.0 Unarmed Combat
 + Level 2.0 Spellcasting
 + Level 1.6 Conjurations
 + Level 1.6 Hexes
 + Level 1.6 Summonings
 + Level 1.6 Necromancy
 + Level 1.6 Translocations
 + Level 1.6 Transmutations
 + Level 1.6 Fire Magic
 + Level 1.6 Ice Magic
 + Level 1.6 Air Magic
 + Level 1.6 Earth Magic
 + Level 1.6 Poison Magic
 + Level 2.2 Invocations
 + Level 2.0 Evocations


You had 9 spell levels left.
You didn't know any spells.
Your spell library was empty.

Inventory:

Hand Weapons
 a - a +0 war axe (weapon)
Missiles
 k - 32 poisoned darts (quivered)
 s - 22 sling bullets
Armour
 b - a +0 scale mail (worn)
 c - a +0 kite shield (worn)
 e - a +0 pair of boots (worn)
   (You found it on level 1 of the Dungeon)
 q - a +0 tower shield
   (You found it on level 2 of the Dungeon)
Jewellery
 L - a ring of flight (left hand)
   (You found it on level 2 of the Dungeon)
 R - a ring of resist corrosion (right hand)
   (You found it on level 2 of the Dungeon)
Scrolls
 g - a scroll of remove curse {@r2}
 h - 2 scrolls of amnesia {unknown}
 i - 3 scrolls of identify {@r1}
 j - 3 scrolls of random uselessness {unknown}
 m - 3 scrolls of teleportation {unknown}
 n - 4 scrolls of enchant armour
 t - a scroll of immolation {unknown}
Potions
 d - a potion of might
 f - a potion of lignification {unknown}
 l - a potion of curing {@q1}
 o - a potion of invisibility {unknown}
 r - a potion of magic {unknown}

Dungeon Overview and Level Annotations

Branches:
Dungeon (3/15)

Altars:
Elyvilon
Okawaru

######.#
#......#
#@##......
#.# #.##.
###)##.#.##
#...$......
#............
#............
#.#...#....#.
#............
#.##....##...


There were no monsters in sight!


Message History

The orc warrior completely misses you.
You slash the orc warrior!
You kill the orc warrior!
Something hits you!
Deactivating autopickup; reactivate with Ctrl-A.
Your Short Blades skill increases to level 2!
Your Long Blades skill increases to level 2!
Your Axes skill increases to level 5!
Your Maces & Flails skill increases to level 2!
Your Polearms skill increases to level 2!
Your Staves skill increases to level 2!
Your Slings skill increases to level 2!
Your Bows skill increases to level 2!
Your Crossbows skill increases to level 2!
Your Throwing skill increases to level 2!
Your Dodging skill increases to level 2!
Your Stealth skill increases to level 2!
Your Unarmed Combat skill increases to level 2!
Your Spellcasting skill increases to level 2!
Your Evocations skill increases to level 2! 😮 HP[-7]
You take 7 damage, and now have 28/53 hp.
You slash the white imp! Your bite misses the white imp.
You block the white imp's attack. 😮 HP[+1]
You hit the white imp.
You kill the white imp!
Something hits you!
* * * LOW HITPOINT WARNING * * *
The orc hits you but does no damage. 😨 HP[-7]
You take 7 damage, and now have 22/53 hp.
Your shield prevents you from hitting the orc.
You bite the orc, but do no damage. You block the orc's attack.
You feel very mighty all of a sudden. You block the orc's attack.
You slash the orc!
You kill the orc!
Something hits you but does no damage. 😨 HP[+1]
Something hits you.
* * * LOW HITPOINT WARNING * * *
Items here: )) [[. 😨 HP[-4]
You take 4 damage, and now have 19/53 hp.
You block something's attack. 😨 MP[+1]
Your mp is fully restored (9).
Something hits you but does no damage.
Items here: )) [[.
Something hits you.
* * * LOW HITPOINT WARNING * * *
😨 HP[-1]
You take 1 damage, and now have 18/53 hp.
Something hits you.
* * * LOW HITPOINT WARNING * * *
Things that are here:
a +0 war axe; an orc corpse; 😨 HP[-1]
You take 1 damage, and now have 17/53 hp.
You swing at nothing.
Something hits you but does no damage. 😨 HP[+1]
You swing at nothing.
Something hits you but does no damage.
You swing at nothing.
Something hits you.
* * * LOW HITPOINT WARNING * * *
Something hits you but does no damage. 😨 HP[-4]
You take 4 damage, and now have 14/53 hp.
You hit something. You bite something. Something hits you.
* * * LOW HITPOINT WARNING * * *
😱 HP[-4]
You take 4 damage, and now have 10/53 hp.
You miss something. Something hits you!
* * * LOW HITPOINT WARNING * * *
😱 HP[-8]
You take 8 damage, and now have 2/53 hp.
You swing at nothing.
Something hits you but does no damage.
It was a potion of curing.
You feel better.
Something hits you but does no damage. 😱 HP[+11]
You regained 11 hp, and now have 13/53 hp.
You completely miss something. Something hits you.
* * * LOW HITPOINT WARNING * * *
Something hits you but does no damage. 😱 HP[-4]
You take 4 damage, and now have 9/53 hp.
You swing at nothing.
Something hits you.
* * * LOW HITPOINT WARNING * * *
Something hits you.
* * * LOW HITPOINT WARNING * * *
😱 HP[-5]
You take 5 damage, and now have 4/53 hp.
You slice something!!
Something hits you but does no damage. 😱 HP[+1]
You swing at nothing.
Something hits you.
* * * LOW HITPOINT WARNING * * *
Something completely misses you. 😱 HP[-4]
You take 4 damage, and now have 1/53 hp.
You barely miss something. Something hits you but does no damage.
You swing at nothing.
Something hits you.
You die...

Skill      XL: |  1  2  3  4  5  6 |
---------------+-------------------+-----
Invocations    | 1 2 |  2.2
Short Blades   | 1 2 |  2.0
Long Blades    | 1 2 |  2.0
Maces & Flails | 1 2 |  2.0
Polearms       | 1 2 |  2.0
Staves         | 1 2 |  2.0
Slings         | 1 2 |  2.0
Bows           | 1 2 |  2.0
Crossbows      | 1 2 |  2.0
Throwing       | 1 2 |  2.0
Dodging        | 1 2 |  2.0
Stealth        | 1 2 |  2.0
Unarmed Combat | 1 2 |  2.0
Spellcasting   | 1 2 |  2.0
Evocations     | 1 2 |  2.0
Conjurations   | 1 |  1.6
Hexes          | 1 |  1.6
Summonings     | 1 |  1.6
Necromancy     | 1 |  1.6
Translocations | 1 |  1.6
Transmutations | 1 |  1.6
Fire Magic     | 1 |  1.6
Ice Magic      | 1 |  1.6
Air Magic      | 1 |  1.6
Earth Magic    | 1 |  1.6
Poison Magic   | 1 |  1.6
Axes           | 5 |  5.0
Fighting       | |  6.8
Armour         | |  6.8
Shields        | |  6.8

Action                   |  1- 3 |  4- 6 || total
-------------------------+-------+-------++-------
Melee: War axe           |    93 |    87 ||   180
       Bite              |     8 |    15 ||    23
       Hand axe          |       |     4 ||     4
  Use: Scroll            |       |     3 ||     3
       Potion            |       |     2 ||     2
Armor: Scale mail        |    47 |    33 ||    80
Dodge: Dodged            |    29 |    28 ||    57
Block: Kite shield       |    69 |    41 ||   110

Levels and vault maps discovered:
D:1:      dpeg_arrival_triangle_fractal, layout_loops_ring,
          grunt_decor_mini_mirrors, okawaru_ov_weapons_minmay
D:2:      layout_basic, minmay_stone_trees_small, elyvilon_altar_3
D:3:      layout_basic, chequers_ecumenical_altar_simple_redux,
          minmay_fountain_box, uniq_grinder
D:6:      layout_loops_corners, vehumet_statue, minmay_temple_entry_sparse_star,
          basic_altar, corexii_leaking_fountain, skrybe_limestone_x

Notes
Turn   | Place    | Note
-------+----------+-------------------------------------------
     0 | D:1      | phalm the Gnoll Fighter began the quest for the Orb.
     0 | D:1      | Reached XP level 1. HP: 23/23 MP: 1/1
     0 | D:1      | magus.rc [v1.9.10]
    61 | D:1      | Found an iron altar of Okawaru.
   127 | D:1      | Reached XP level 2. HP: 22/29 MP: 2/2
   770 | D:1      | Reached XP level 3. HP: 35/35 MP: 3/3
  1034 | D:2      | Reached skill level 1 in Invocations
  1073 | D:2      | Reached skill level 1 in Short Blades
  1073 | D:2      | Reached skill level 1 in Long Blades
  1073 | D:2      | Reached skill level 1 in Maces & Flails
  1073 | D:2      | Reached skill level 1 in Polearms
  1073 | D:2      | Reached skill level 1 in Staves
  1073 | D:2      | Reached skill level 1 in Slings
  1073 | D:2      | Reached skill level 1 in Bows
  1073 | D:2      | Reached skill level 1 in Crossbows
  1073 | D:2      | Reached skill level 1 in Throwing
  1073 | D:2      | Reached skill level 1 in Dodging
  1073 | D:2      | Reached skill level 1 in Stealth
  1073 | D:2      | Reached skill level 1 in Unarmed Combat
  1073 | D:2      | Reached skill level 1 in Spellcasting
  1073 | D:2      | Reached skill level 1 in Evocations
  1073 | D:2      | Reached XP level 4. HP: 40/41 MP: 5/5
  1081 | D:2      | Found a white marble altar of Elyvilon.
  1740 | D:2      | Reached skill level 1 in Conjurations
  1740 | D:2      | Reached skill level 1 in Hexes
  1740 | D:2      | Reached skill level 1 in Summonings
  1740 | D:2      | Reached skill level 1 in Necromancy
  1740 | D:2      | Reached skill level 1 in Translocations
  1740 | D:2      | Reached skill level 1 in Transmutations
  1740 | D:2      | Reached skill level 1 in Fire Magic
  1740 | D:2      | Reached skill level 1 in Ice Magic
  1740 | D:2      | Reached skill level 1 in Air Magic
  1740 | D:2      | Reached skill level 1 in Earth Magic
  1740 | D:2      | Reached skill level 1 in Poison Magic
  1861 | D:3      | Reached XP level 5. HP: 41/47 MP: 5/7
  1862 | D:3      | Found a faded altar of an unknown god.
  1953 | D:3      | Noticed a centaur
  1967 | D:3      | Killed a centaur
  2189 | D:3      | You fall into a shaft and drop 3 floors!
  2199 | D:6      | Noticed an orc warrior
  2203 | D:6      | Reached skill level 2 in Invocations
  2203 | D:6      | Reached XP level 6. HP: 53/53 MP: 8/8
  2214 | D:6      | Killed an orc warrior
  2215 | D:6      | Reached skill level 2 in Short Blades
  2215 | D:6      | Reached skill level 2 in Long Blades
  2215 | D:6      | Reached skill level 5 in Axes
  2215 | D:6      | Reached skill level 2 in Maces & Flails
  2215 | D:6      | Reached skill level 2 in Polearms
  2215 | D:6      | Reached skill level 2 in Staves
  2215 | D:6      | Reached skill level 2 in Slings
  2215 | D:6      | Reached skill level 2 in Bows
  2215 | D:6      | Reached skill level 2 in Crossbows
  2215 | D:6      | Reached skill level 2 in Throwing
  2215 | D:6      | Reached skill level 2 in Dodging
  2215 | D:6      | Reached skill level 2 in Stealth
  2215 | D:6      | Reached skill level 2 in Unarmed Combat
  2215 | D:6      | Reached skill level 2 in Spellcasting
  2215 | D:6      | Reached skill level 2 in Evocations
  2228 | D:6      | HP: 10/53 [something (4)]
  2229 | D:6      | HP: 2/53 [something (9)]
  2235 | D:6      | HP: 1/53 [something (4)]
  2237 | D:6      | Slain by an unseen horror

Vanquished Creatures
  An orc warrior (D:6)
  A centaur (D:3)
  A bullfrog zombie (D:6)
  An orc wizard (D:3)
  5 adders (D:2)
  A white imp (D:6)
  2 worms (D:2)
  2 dart slugs
  2 leopard geckos
  6 orcs
  3 giant cockroaches (D:2)
  6 hobgoblins
  3 jackals (D:1)
  7 kobolds
  3 quokkas (D:2)
  A ball python (D:2)
  6 bats
  4 frilled lizards
  2 goblins (D:1)
  6 rats
63 creatures vanquished.

Table legend:
 A = Non-vault XP
 B = Vault XP
 C = Vault XP percentage of total XP
 D = Non-vault monster count
 E = Vault monster count
 F = Vault count percentage of total count
                 A         B        C        D         E       F
            +---------+---------+-------+---------+---------+-------
      Total |     506 |       0 |   0.0 |      63 |       0 |   0.0
            +---------+---------+-------+---------+---------+-------
        D:1 |      34 |       0 |   0.0 |      22 |       0 |   0.0
        D:2 |     107 |       0 |   0.0 |      23 |       0 |   0.0
        D:3 |     171 |       0 |   0.0 |      13 |       0 |   0.0
        D:6 |     194 |       0 |   0.0 |       5 |       0 |   0.0
            +---------+---------+-------+---------+---------+-------

Illustrated notes

Table legend:
 A = Kills in this place as a percentage of kills in entire the game.
 B = Kills by you in this place as a percentage of kills by you in the entire game.
 C = Kills by friends in this place as a percentage of kills by friends in the entire game.
 D = Other kills in this place as a percentage of other kills in the entire game.
 E = Experience gained in this place as a percentage of experience gained in the entire game.
 F = Experience gained in this place divided by the number of levels of this place that you have seen.
                   A       B       C       D       E      F
               +-------+-------+-------+-------+-------+----------------------
         Total | 100.0 | 100.0 |   N/A |   N/A | 100.0 | 126.5
       Dungeon | 100.0 | 100.0 |   N/A |   N/A | 100.0 | 126.5
               +-------+-------+-------+-------+-------+----------------------

Table legend: (Time is in decaauts)
 A = Elapsed time spent in this place.
 B = Non-inter-level travel time spent in this place.
 C = Inter-level travel time spent in this place.
 D = Time resting spent in this place.
 E = Time spent auto-exploring this place.
 F = Levels seen in this place.
 G = Mean time per level.
                   A        B        C        D        E       F      G
               +--------+--------+--------+--------+--------+-----+--------+
         Total |   2295 |   2243 |     52 |      8 |   1759 |   4 |  573.8 |
       Dungeon |   2295 |   2243 |     52 |      8 |   1759 |   4 |  573.8 |
               +--------+--------+--------+--------+--------+-----+--------+

Top non-repeatable levels by time:
     D:2: 1052 daAuts
     D:1: 828 daAuts
     D:3: 358 daAuts
     D:6: 57 daAuts
